 Dungeon Crawl Stone Soup version 0.17.1-3-g152610e (webtiles) character file.

36533 inmateoo the Basher (level 13, -2/111 HPs)
             Began as a Naga Fire Elementalist on Apr 22, 2016.
             Was the Champion of Okawaru.
             Slain by a seven-headed hydra (7 damage)
             ... on level 4 of the Lair of Beasts.
             The game lasted 00:42:44 (17638 turns).

inmateoo the Basher (Naga Fire Elementalist)       Turns: 17638, Time: 00:42:44

Health: -2/111     AC: 17    Str: 18      XL:     13   Next: 90%
Magic:  16/22      EV:  1    Int: 20      God:    Okawaru [******]
Gold:   2552       SH:  0    Dex: 16 (17) Spells: 6 memorised, 1 level left

rFire  . . .     SeeInvis +     l - +9 whip (elec)
rCold  . . .     Clarity  .     k - +0 leather armour "Okagg" {Int+3 Dex+3}
rNeg   + + +     SustAt   .     (no shield)
rPois  ∞         Gourm    .     n - +1 helmet
rElec  +         Spirit   .     I - +1 cloak {rPois}
rCorr  .         Warding  .     m - +2 pair of gloves
rMut   .         Stasis   .     (no barding)
MR     +....                    G - amulet of faith
Stlth  ++++......               d - +4 ring of evasion
                                P - ring "Tavef" {Wiz rElec Str+4 Dex+2}

@: petrified, heroism, finesse, very slow, somewhat resistant to hostile
enchantments, stealthy
A: slimy green scales 1, see invisible, deformed body, deterioration 2, frail 1,
poison resistance, slowness 2, slow metabolism 1, spit poison 2, constrict 1, AC
+4
a: Spit Poison, Heroism, Finesse, Renounce Religion


You were on level 4 of the Lair of Beasts.
You worshipped Okawaru.
Okawaru was exalted by your worship.
You were not hungry.

You visited 2 branches of the dungeon, and saw 17 of its levels.
You also visited: Labyrinth, Bailey and Ice Cave.

You collected 2552 gold pieces.

Inventory:

Hand Weapons
 e - a +4 great mace of draining
 l - a +9 whip of electrocution (weapon)
 V - the +8 dire flail "Sohepsa" {crush, Str+6}
   (Okawaru gifted it to you on level 3 of the Lair of Beasts)

   It inflicts extra damage upon your enemies.
   It affects your strength (+6).
Missiles
 B - 22 tomahawks of returning (quivered)
Armour
 k - the +0 leather armour "Okagg" (worn) {Int+3 Dex+3}
   (You found it on level 5 of the Dungeon)

   It affects your intelligence (+3).
   It affects your dexterity (+3).
 m - a +2 pair of gloves (worn)
 n - a +1 helmet (worn)
 I - a +1 cloak of poison resistance (worn)
Jewellery
 d - a +4 ring of evasion (right hand)
 f - a +4 ring of protection
 r - an uncursed ring of magical power {unknown}
 u - an uncursed ring of protection from magic
 z - an uncursed ring of flight
 G - an amulet of faith (around neck)
 N - an uncursed ring of ice {unknown}
 P - the ring "Tavef" (left hand) {Wiz rElec Str+4 Dex+2}
   (You found it in a labyrinth)

   [ring of wizardry]

   It improves your spell success rate.
   It affects your strength (+4).
   It affects your dexterity (+2).
   It insulates you from electricity.
 Q - an uncursed ring of ice {unknown}
 T - an uncursed ring of see invisible {unknown}
Wands
 o - a wand of heal wounds (0)
 C - a wand of digging (15)
 D - a wand of slowing (21)
 F - a wand of disintegration (9)
 J - a wand of frost (28)
 M - a wand of magic darts (27)
 O - a wand of magic darts (25)
 R - a wand of draining (7)
 S - a wand of cold (11)
Scrolls
 q - 2 scrolls of magic mapping
 s - a scroll of amnesia
 t - 3 scrolls of teleportation
 x - a scroll of fear
 y - a scroll of enchant armour
 E - a scroll of enchant weapon
 U - 2 scrolls of recharging
Potions
 g - 2 potions of flight
 h - a potion of invisibility
 i - a potion of haste
 p - a potion of ambrosia
 w - 5 potions of curing
 L - 2 potions of lignification
Books
 b - a book of Flames

   Spells                             Type                      Level
   a - Flame Tongue                   Conjuration/Fire             1
   b - Throw Flame                    Conjuration/Fire             2
   c - Conjure Flame                  Conjuration/Fire             3
   d - Inner Flame                    Hexes/Fire                   3
   e - Sticky Flame                   Conjuration/Fire             4
   f - Fireball                       Conjuration/Fire             5
 j - a book of Ice

   Spells                             Type                      Level
   a - Ice Form                       Ice/Transmutation            4
   b - Metabolic Englaciation         Hexes/Ice                    5
   c - Ozocubu's Refrigeration        Ice                          6
   d - Bolt of Cold                   Conjuration/Ice              6
   e - Freezing Cloud                 Conjuration/Ice/Air          6
   f - Simulacrum                     Ice/Necromancy               6
 A - a book of Unlife

   Spells                             Type                      Level
   a - Recall                         Summoning/Translocation      3
   b - Animate Dead                   Necromancy                   4
   c - Control Undead                 Necromancy                   4
   d - Cigotuvi's Embrace             Necromancy                   5
   e - Death Channel                  Necromancy                   6
   f - Simulacrum                     Ice/Necromancy               6
 H - a book of the Dragon

   Spells                             Type                      Level
   a - Flame Tongue                   Conjuration/Fire             1
   b - Cause Fear                     Hexes                        4
   c - Bolt of Fire                   Conjuration/Fire             6
   d - Dragon Form                    Transmutation                7
   e - Dragon's Call                  Summoning                    9
 K - a book of Transfigurations

   Spells                             Type                      Level
   a - Stoneskin                      Transmutation/Earth          2
   b - Irradiate                      Conjuration/Transmutation    5
   c - Statue Form                    Transmutation/Earth          6
   d - Hydra Form                     Transmutation                6
   e - Dragon Form                    Transmutation                7
Comestibles
 a - 11 royal jellies
 c - 16 bread rations
 v - 4 meat rations
 W - a chunk of flesh
 X - a beef jerky


   Skills:
 + Level 10.3(15.3) Fighting
 - Level 12.5(17.5) Maces & Flails
 + Level 6.6(11.6) Armour
 + Level 6.9(11.9) Dodging
 - Level 3.0(8.0) Stealth
 + Level 6.1 Spellcasting
 - Level 2.0 Conjurations
 + Level 4.0 Transmutations
 - Level 5.6 Fire Magic
 + Level 3.6 Earth Magic
 + Level 8.8 Invocations


You had one spell level left.
You knew the following spells:

 Your Spells              Type           Power        Failure   Level  Hunger
a - Flame Tongue          Conj/Fire      ###..        1%          1    None
b - Conjure Flame         Conj/Fire      ###.....     4%          3    ##.....
c - Animate Dead          Necr           N/A          65%         4    ####...
d - Statue Form           Trmt/Erth      ###......    98%         6    #######
e - Sticky Flame          Conj/Fire      ###.....     12%         4    ####...
f - Irradiate             Conj/Trmt      ###.......   54%         5    #####..


Dungeon Overview and Level Annotations

Branches:
Dungeon (13/15)            Temple (0/1) D:6            Lair (4/8) D:9
 Shoals (0/4) Lair:3          Orc (0/4) D:10
  Snake: Lair:3-6    Spider: Lair:3-6    Vaults: D:13-14

Altars:
Ashenzari
Cheibriados
Fedhas
Gozag
Kikubaaqudgha
Makhleb
Nemelex Xobeh
Okawaru
Qazlal
Yredelemnul

Annotations:
D:12 exclusion: oklob plant


Innate Abilities, Weirdness & Mutations

You cannot wear boots.
Your serpentine skin is tough (AC +4).
You have supernaturally acute eyesight.
Armour fits poorly on your strangely shaped body.
Your system is resistant to poisons.
You cover ground very slowly.
You have a slow metabolism.
You can spit poison.
You can use your snake-like lower body to constrict enemies.
You are partially covered in slimy green scales (AC +2).
Your body often deteriorates upon taking damage.
You are frail (-10% HP).


Message History

* * * LOW HITPOINT WARNING * * *
The seven-headed hydra bites you but does no damage.
The seven-headed hydra bites you!
* * * LOW HITPOINT WARNING * * *
The seven-headed hydra bites you.
* * * LOW HITPOINT WARNING * * *
The seven-headed hydra bites you.
* * * LOW HITPOINT WARNING * * *
The seven-headed hydra bites you.
* * * LOW HITPOINT WARNING * * *
The seven-headed hydra bites you but does no damage.
The seven-headed hydra bites you!
* * * LOW HITPOINT WARNING * * *
The basilisk bites you.
The seven-headed hydra bites you but does no damage.
The seven-headed hydra barely misses you.
The seven-headed hydra bites you.
* * * LOW HITPOINT WARNING * * *
The seven-headed hydra bites you!
You die...

.....## .......##
........## .........##
.........?# ###
..........# #### ####.##
......lD.###P.P###...##[
.......@...#............
..../...(#..............
..../...................
......................>.
........$....P#....P....
..............##........
.............#........÷.
........................
....................#.#.


You could see a seven-headed hydra and a basilisk.

Vanquished Creatures
  A frost giant (IceCv)
  A minotaur (Lab)
  A death yak (IceCv)
  An unseen horror (D:12)
  An orc knight (Bailey)
  3 hill giants (D:11)
  An ugly thing (D:12)
  A griffon (Lair:3)
  2 manticores
  Joseph (D:8)
  A gargoyle (D:12)
  Psyche (D:8)
  7 spiny frogs
  3 komodo dragons
  6 trolls
  A queen bee (Lair:1)
  18 polar bears (IceCv)
  Prince Ribbit (D:7)
  17 blink frogs
  4 fire bats (Lair:3)
  A spriggan (D:7)
  A wraith (D:11)
  A deep elf mage (D:9)
  6 hippogriffs
  A shadow (D:11)
  A wyvern (D:7)
  14 wolves (IceCv)
  20 yaks
  4 hungry ghosts
  2 wargs (D:9)
  2 sky beasts
  10 water moccasins
  4 porcupines
  An eye of draining (D:9)
  A necrophage (D:7)
  3 black bears
  13 orc warriors
  A phantom (D:4)
  The ghost of hannobal the Sneak, an amateur NaAs (D:4)
  An ice beast (D:9)
  4 crocodiles
  2 big kobolds
  8 centaurs
  13 giant frogs
  A water moccasin zombie (D:10)
  28 killer bees
  2 scorpions
  6 hounds
  9 crimson imps
  8 orc priests
  2 quasits
  11 orc wizards
  5 giant frog skeletons
  Crazy Yiuf (D:2)
  4 jellies
  4 centaur skeletons
  4 iguanas
  10 sheep
  7 worker ants
  3 hound skeletons
  A worker ant zombie (D:8)
  Robin (D:2)
  18 adders
  A gnoll (Bailey)
  39 river rats
  3 shadow imps
  12 white imps (Lair:2)
  16 oozes (D:12)
  3 adder skeletons
  2 adder zombies (D:6)
  5 worms
  45 orcs
  10 bats
  7 giant cockroaches
  7 hobgoblins
  7 jackals
  4 quokkas
  2 ball pythons (D:2)
  3 giant geckos
  2 giant newts
  15 goblins
  A jackal zombie (D:5)
  38 kobolds
  A quokka skeleton (D:5)
  11 rats
  2 fungi (D:2)
548 creatures vanquished.

Vanquished Creatures (others)
  The ghost of DEFE the Nimble, a journeyman DEFi of Vehumet (D:11)
  A polar bear (IceCv)
  A quokka skeleton (D:4)
  2 fulminant prisms (D:11)
  11 fungi
  A plant (Lair:1)
17 creatures vanquished.

Grand Total: 565 creatures vanquished

Notes
Turn   | Place    | Note
--------------------------------------------------------------
     0 | D:1      | inmateoo the Naga Fire Elementalist began the quest for the Orb.
     0 | D:1      | Reached XP level 1. HP: 15/15 MP: 3/3
   347 | D:1      | Reached XP level 2. HP: 18/24 MP: 5/5
  1106 | D:1      | Reached XP level 3. HP: 17/30 MP: 1/6
  1369 | D:2      | Reached skill level 1 in Fighting
  1820 | D:2      | Reached XP level 4. HP: 38/38 MP: 6/8
  1912 | D:2      | Reached skill level 4 in Fire Magic
  2094 | D:2      | Noticed Robin
  2369 | D:2      | Reached XP level 5. HP: 30/44 MP: 9/9
  2489 | D:2      | Killed Robin
  2654 | D:2      | Noticed Crazy Yiuf
  2657 | D:2      | Killed Crazy Yiuf
  2657 | D:2      | Reached skill level 1 in Maces & Flails
  2830 | D:3      | Found a blossoming altar of Fedhas.
  3173 | D:4      | Reached XP level 6. HP: 36/52 MP: 10/10
  3382 | D:4      | Noticed a phantom
  3413 | D:4      | Killed a phantom
  3836 | D:4      | Noticed hannobal's ghost (amateur NaAs)
  3858 | D:4      | Killed hannobal's ghost
  3858 | D:4      | Reached XP level 7. HP: 58/62 MP: 11/11
  3861 | D:4      | Found a stormy altar of Qazlal.
  4267 | D:4      | Reached skill level 5 in Maces & Flails
  4424 | D:5      | Entered Level 5 of the Dungeon
  4428 | D:5      | Found an ancient bone altar of Kikubaaqudgha.
  4429 | D:5      | Found an opulent altar of Gozag.
  4432 | D:5      | Found a burning altar of Makhleb.
  4441 | D:5      | Got a tiger eye-encrusted leather armour
  4452 | D:5      | Found an iron altar of Okawaru.
  4621 | D:5      | Reached XP level 8. HP: 63/72 MP: 12/12
  4666 | D:5      | Reached skill level 6 in Maces & Flails
  4756 | D:5      | Identified the cursed +0 leather armour "Okagg" {Int+3 Dex+3} (You found it on level 5 of the Dungeon)
  4856 | D:5      | Reached skill level 5 in Fighting
  4971 | D:5      | Reached skill level 7 in Maces & Flails
  4981 | D:5      | Became a worshipper of Warmaster Okawaru
  5060 | D:6      | Found a staircase to the Ecumenical Temple.
  5080 | D:6      | Gained mutation: You are frail (-10% HP). [mutagenic meat]
  5260 | D:6      | Reached skill level 8 in Maces & Flails
  5692 | D:6      | Reached XP level 9. HP: 73/73 MP: 13/13
  5724 | D:6      | Found a snail-covered altar of Cheibriados.
  5807 | D:6      | Reached * piety under Okawaru
  6051 | D:7      | Gained mutation: You tend to lose your temper in combat. [mutagenic meat]
  6053 | D:7      | Gained mutation: Your body sometimes deteriorates upon taking damage. [mutagenic meat]
  6054 | D:7      | Gained mutation: You are partially covered in slimy green scales (AC +2). [mutagenic meat]
  6055 | D:7      | Lost mutation: You tend to lose your temper in combat. [mutagenic meat]
  6137 | D:7      | Reached skill level 1 in Armour
  6137 | D:7      | Reached skill level 1 in Invocations
  6195 | D:7      | Noticed Prince Ribbit
  6203 | D:7      | Killed Prince Ribbit
  6283 | D:7      | Reached skill level 9 in Maces & Flails
  6491 | D:8      | Reached ** piety under Okawaru
  6635 | D:8      | Reached XP level 10. HP: 82/82 MP: 14/14
  6649 | D:8      | Found a shattered altar of Ashenzari.
  6694 | D:8      | Noticed a komodo dragon
  6699 | D:8      | Killed a komodo dragon
  6792 | D:8      | Noticed Joseph
  6803 | D:8      | Killed Joseph
  6948 | D:8      | Reached *** piety under Okawaru
  6948 | D:8      | Reached skill level 10 in Maces & Flails
  7068 | D:8      | Noticed Psyche
  7075 | D:8      | Killed Psyche
  7439 | D:9      | Found a sparkling altar of Nemelex Xobeh.
  7491 | D:9      | Found a staircase to the Lair.
  7614 | D:9      | Reached **** piety under Okawaru
  7925 | D:9      | Reached skill level 5 in Invocations
  8049 | D:9      | Reached XP level 11. HP: 66/91 MP: 15/15
  8399 | D:10     | Entered Level 10 of the Dungeon
  8472 | D:10     | Found a flagged portal.
  8481 | Bailey   | Entered a bailey
  8490 | Bailey   | Noticed an orc knight
  8843 | Bailey   | Reached skill level 11 in Maces & Flails
  9110 | Bailey   | Killed an orc knight
  9300 | D:10     | Found a staircase to the Orcish Mines.
  9391 | D:10     | Reached ***** piety under Okawaru
 10179 | D:11     | Noticed a hill giant
 10188 | D:11     | Killed a hill giant
 10203 | D:11     | Reached skill level 5 in Dodging
 10239 | D:11     | Learned a level 3 spell: Conjure Flame
 10244 | D:11     | Learned a level 4 spell: Animate Dead
 10274 | D:11     | Noticed a hill giant
 10287 | D:11     | Killed a hill giant
 10561 | D:11     | Noticed a hill giant
 10571 | D:11     | Killed a hill giant
 10571 | D:11     | Received a gift from Okawaru
 10901 | D:11     | Noticed DEFE's ghost (journeyman DEFi)
 10929 | D:11     | Killed DEFE's ghost
 10929 | D:11     | Reached XP level 12. HP: 51/100 MP: 15/17
 11226 | D:12     | Reached skill level 5 in Armour
 11249 | D:12     | Reached skill level 12 in Maces & Flails
 11527 | D:12     | Gained mutation: Your body often deteriorates upon taking damage. [mutagenic meat]
 12313 | D:12     | Reached skill level 5 in Fire Magic
 12790 | Lair:1   | Entered Level 1 of the Lair of Beasts
 12792 | Lair:1   | Noticed a five-headed hydra
 12831 | Lair:1   | Found a labyrinth entrance.
 12838 | Lab      | Entered a labyrinth
 13100 | Lab      | Noticed a minotaur
 13115 | Lab      | Killed a minotaur
 13158 | Lab      | Got a fine bronze ring
 13162 | Lair:1   | Identified the ring "Tavef" {Wiz rElec Str+4 Dex+2} (You found it in a labyrinth)
 13625 | Lair:1   | Learned a level 6 spell: Statue Form
 13630 | Lair:1   | Learned a level 4 spell: Sticky Flame
 13890 | Lair:1   | Received a gift from Okawaru
 14304 | Lair:1   | Reached skill level 1 in Earth Magic
 14394 | Lair:1   | Reached skill level 1 in Transmutations
 14688 | Lair:2   | Found a snail-covered altar of Cheibriados.
 14705 | Lair:2   | Found a frozen archway.
 14822 | IceCv    | Entered an ice cave
 14902 | IceCv    | Gained mutation: You can use your snake-like lower body to constrict enemies. [Naga growth]
 14902 | IceCv    | Reached XP level 13. HP: 83/108 MP: 2/19
 15339 | IceCv    | Reached ****** piety under Okawaru
 15378 | IceCv    | Received a gift from Okawaru
 15479 | IceCv    | Reached skill level 5 in Spellcasting
 15671 | IceCv    | Reached skill level 10 in Fighting
 15786 | IceCv    | Noticed a frost giant
 15786 | IceCv    | Noticed a death yak
 15817 | IceCv    | Killed a death yak
 15822 | IceCv    | Received a gift from Okawaru
 15859 | IceCv    | Killed a frost giant
 16368 | Lair:2   | Learned a level 5 spell: Irradiate
 16721 | Lair:3   | Found a staircase to the Shoals.
 16944 | Lair:3   | Found a basalt altar of Yredelemnul.
 16947 | Lair:3   | Got a ripped robe
 16976 | Lair:3   | Identified the cursed +0 robe "Eclouj" {+Inv rPois Regen+ Str-3} (You found it on level 3 of the Lair of Beasts)
 17430 | Lair:3   | Received a gift from Okawaru
 17433 | Lair:3   | Got a faintly glowing dire flail {god gift}
 17434 | Lair:3   | Identified the +8 dire flail "Sohepsa" {crush, Str+6} (Okawaru gifted it to you on level 3 of the Lair of Beasts)
 17442 | Lair:3   | Got an ichor-stained ring mail
 17453 | Lair:3   | Identified the cursed +0 ring mail of Impermeability {*Confuse rElec Str+6 Dex+2} (You found it on level 3 of the Lair of Beasts)
 17637 | Lair:4   | HP: 5/111 [seven-headed hydra (8)]
 17638 | Lair:4   | Slain by a seven-headed hydra

Action                   |  1- 3 |  4- 6 |  7- 9 | 10-12 | 13-15 || total
-------------------------+-------+-------+-------+-------+-------++-------
Melee: Short sword       |    57 |       |       |       |       ||    57
       Flail             |     5 |    50 |       |       |       ||    55
       Whip              |       |   134 |   234 |   806 |   323 ||  1497
Throw: Tomahawk          |       |       |       |    65 |       ||    65
 Cast: Flame Tongue      |    19 |    17 |       |    52 |    15 ||   103
       Conjure Flame     |       |       |       |    19 |    15 ||    34
       Sticky Flame      |       |       |       |     2 |     2 ||     4
Invok: Heroism           |       |       |     1 |     4 |     2 ||     7
       Finesse           |       |       |       |       |     1 ||     1
 Abil: Spit Poison       |    20 |     7 |     3 |    37 |     7 ||    74
       Evoke Flight      |       |       |       |     7 |       ||     7
       Stop Flying       |       |       |       |     1 |       ||     1
Evoke: Wand              |       |       |       |    22 |     4 ||    26
  Use: Scroll            |     7 |     2 |     9 |    18 |     4 ||    40
       Potion            |       |       |     1 |     3 |     2 ||     6
 Stab: Sleeping          |     3 |     5 |    10 |    12 |     7 ||    37
       Distracted        |       |       |     1 |     1 |     1 ||     3
       Invisible         |       |       |       |       |    12 ||    12
  Eat: Chunk             |     3 |     7 |    13 |    16 |     9 ||    48
       Pizza             |       |       |     2 |     1 |       ||     3
       Beef jerky        |       |       |       |     7 |     2 ||     9
